 Dungeon Crawl Stone Soup version 0.20-a0-640-g62ed22f (webtiles) character file.

445 polly the Ruffian (level 6, 0/44 HPs)
             Began as a Demonspawn Gladiator on Feb 13, 2017.
             Was an Initiate of Yredelemnul.
             Killed themself with a badly aimed iceblast (11 damage)
             ... on level 4 of the Dungeon.
             The game lasted 00:07:21 (4345 turns).

polly the Ruffian (Demonspawn Gladiator)            Turns: 4345, Time: 00:07:24

Health: 0/44       AC:  6    Str: 16    XL:     6   Next: 72%
Magic:  0/6        EV: 10    Int: 10    God:    Yredelemnul [......]
Gold:   253        SH:  0    Dex: 14    Spells: 5/5 levels left

rFire    . . .     SeeInvis .     - Unarmed
rCold    + . .     Gourm    .   a - +0 scale mail (curse)
rNeg     . . .     Faith    .   (no shield)
rPois    .         Spirit   +   (helmet restricted)
rElec    .         Reflect  .   b - scarf {rC+}
rCorr    .         Harm     .   (no gloves)
MR       .....                  (no boots)
Stlth    ..........             (no amulet)
Regen    0.2/turn               (no ring)
MPRegen  0.1/turn               (no ring)

@: starving, heavily drained
A: antennae 1, claws 1, magic shield
a: Renounce Religion


You were on level 4 of the Dungeon.
You worshipped Yredelemnul.
Yredelemnul was noncommittal.
You were starving.

You visited 2 branches of the dungeon, and saw 5 of its levels.

You collected 253 gold pieces.

Inventory:

Missiles
 d - 3 throwing nets (quivered)
 g - 5 tomahawks
Armour
 a - a cursed +0 scale mail (worn)
 b - a scarf of cold resistance (worn)
Wands
 n - a wand of iceblast (5/15)
Scrolls
 c - a scroll of enchant weapon {unknown}
 e - 4 scrolls of identify {unknown}
 h - 2 scrolls of magic mapping {unknown}
 i - 3 scrolls of recharging {unknown}
 j - 2 scrolls of teleportation {unknown}
 k - a scroll of fog {unknown}
 p - a scroll of blinking {unknown}
 q - a scroll of amnesia {unknown}
 t - a scroll of immolation {unknown}
Potions
 m - 2 potions of brilliance
 s - a potion of mutation {unknown}
 u - a potion of curing {unknown}
 v - a potion of lignification {unknown}
Books
 l - a book of Maledictions

   Spells                             Type                      Level
   a - Corona                         Hexes                        1
   b - Ensorcelled Hibernation        Hexes/Ice                    2
   c - Confuse                        Hexes                        3
   d - Tukima's Dance                 Hexes                        3
   e - Dazzling Spray                 Conjuration/Hexes            3
Comestibles
 f - 3 bread rations
 w - 2 meat rations
 x - 3 fruits


   Skills:
 + Level 2.0(0.9) Fighting
   Level 2.9(1.7) Long Blades
 + Level 1.9(0.8) Throwing
 + Level 2.4(1.2) Armour
 + Level 3.7(2.5) Dodging
 + Level 0.2(0.0) Stealth
 * Level 4.7(3.5) Unarmed Combat


You had 5 spell levels left.
You didn't know any spells.

Dungeon Overview and Level Annotations

Branches:
Dungeon (4/15)             Temple (1/1) D:4

Altars:
Ashenzari
Cheibriados
Dithmenos
Elyvilon
Gozag
Hepliaklqana
Kikubaaqudgha
Makhleb
Qazlal
Ru
Sif Muna
Trog
Vehumet
Xom
Yredelemnul
Zin
The Shining One

Shops:
D:4 *%


Innate Abilities, Weirdness & Mutations

You have a pair of small antennae on your head.
You have sharp fingernails.
When hurt, damage is shared between your health and your magic reserves.


Message History

The magic dart hits you!
You barely miss something.
You hear some strange, mumbled words.
A magic dart appears from out of thin air!
The magic dart hits you!
* * * LOW HITPOINT WARNING * * *
You closely miss something. Something hits you but does no damage.
You closely miss something. Something hits you.
* * * LOW HITPOINT WARNING * * *
Evoke which item? (* to show all) (? for menu, Esc to quit)
Aiming: Iceblast (will waste charges)
Press: ? - help, Shift-Dir - straight line, f - orc
Aim: an orc, wielding a whip and wearing a leather armour The mass of ice explodes!
The iceblast engulfs something.
The iceblast engulfs the orc.
You kill the orc!
Yredelemnul accepts your kill. The iceblast engulfs you! You partially resist.
You die...
Your body rises from the dead as a mindless zombie.

#..# ##..##.......## #####<.
#..#####..#####....o.#####.....#
##....#..## #.....o........))#
###.....# #.................
###..## #oo###............ #
#### #%## ##.########## # #)#
### ######### #{# .[......## #@#
######...#######.# ###### ######
# ##....##....# #....###....# #
#.........## ##.###..####.. #
##...####### ##.## #### #.#
######...## ##..# #8#
#........## #...##### #.#
..........# ##......## #.#
..######..# ######..#####∩.


You could see 2 orcs.

Vanquished Creatures
  An ogre (D:4)
  A centaur skeleton (D:3)
  An orc priest (D:4)
  5 orc wizards (D:4)
  Terence (D:3)
  A gnoll (D:3)
  2 adders
  3 worms
  3 dart slugs
  2 leopard geckos (D:1)
  12 orcs
  3 ball pythons
  3 giant cockroaches
  7 goblins
  5 hobgoblins
  2 quokkas
  8 bats
  4 frilled lizards
  10 kobolds
  3 rats
77 creatures vanquished.

Vanquished Creatures (others)
  An adder (D:4)
1 creature vanquished.

Grand Total: 78 creatures vanquished

Notes
Turn   | Place    | Note
-------+----------+-------------------------------------------
     0 | D:1      | polly the Demonspawn Gladiator began the quest for the Orb.
     0 | D:1      | Reached XP level 1. HP: 16/16 MP: 1/1
   280 | D:1      | Gained mutation: You have sharp fingernails. [demonic ancestry]
   280 | D:1      | Reached XP level 2. HP: 19/22 MP: 2/2
   475 | D:1      | Reached XP level 3. HP: 24/27 MP: 3/3
   713 | D:2      | Reached skill level 1 in Armour
  1081 | D:2      | Reached skill level 1 in Unarmed Combat
  1466 | D:3      | Noticed Terence
  1489 | D:3      | Killed Terence
  1489 | D:3      | Reached skill level 2 in Unarmed Combat
  1489 | D:3      | Reached XP level 4. HP: 14/33 MP: 4/4
  2162 | D:3      | Gained mutation: When hurt, damage is shared between your health and your magic reserves. [demonic ancestry]
  2162 | D:3      | Reached XP level 5. HP: 31/38 MP: 5/5
  2260 | D:3      | Reached skill level 3 in Unarmed Combat
  2544 | D:4      | Gained mutation: You have a pair of small antennae on your head. [demonic ancestry]
  2544 | D:4      | Reached XP level 6. HP: 9/44 MP: 2/6
  2846 | D:4      | Found Daonlat's Food Shoppe.
  3170 | D:4      | Found a staircase to the Ecumenical Temple.
  3201 | Temple   | Entered the Ecumenical Temple
  3255 | Temple   | Became a worshipper of Yredelemnul the Dark
  3425 | D:4      | Reached skill level 4 in Unarmed Combat
  4014 | D:4      | Found Komaz's General Store.
  4345 | D:4      | Killed themself with a badly aimed iceblast

Vault maps used:
D:1:      mrwooster_arrival_statue_2, minivault_14
D:2:      first_bread
D:3:      uniq_terence
D:4:      temple_statues, serial_shops, shop_fountains, shop_statue
Temple:   minmay_crystal_spiral_temple

Skill      XL: |  1  2  3  4  5  6 |
---------------+-------------------+-----
Dodging        | 3 |  3.7
Armour         | 1 2 |  2.4
Unarmed Combat | 2 3 4 |  4.7
Fighting       | |  2.0
Long Blades    | |  2.9
Throwing       | |  1.9
Stealth        | |  0.2

Action                   |  1- 3 |  4- 6 || total
-------------------------+-------+-------++-------
Melee: Long sword        |    36 |       ||    36
       Unarmed           |   144 |   176 ||   320
       Punch             |     1 |     2 ||     3
Throw: Throwing net      |       |     1 ||     1
Evoke: Wand              |       |     1 ||     1
  Use: Potion            |       |     3 ||     3
 Stab: Sleeping          |     1 |       ||     1
  Eat: Chunk             |     1 |     6 ||     7
       Royal jelly       |       |     1 ||     1
Armor: Leather armour    |    10 |       ||    10
       Scale mail        |    53 |    71 ||   124
Dodge: Dodged            |   126 |    79 ||   205
       Rpst.: Long sword |     7 |       ||     7
